 Dungeon Crawl Stone Soup version 0.22-a0-392-g5dc3fd9 (webtiles) character file.

17 DrEnzyme the Magician (level 2, 0/21 HPs)
             Began as a Human Wanderer on May 1, 2018.
             Killed from afar by a dart slug (5 damage)
             ... with a slug dart
             ... on level 1 of the Dungeon.
             The game lasted 00:08:42 (897 turns).

DrEnzyme the Magician (Human Wanderer)               Turns: 897, Time: 00:08:43

Health: 0/21       AC:  2    Str: 14    XL:     2   Next: 80%
Magic:  3/6        EV: 12    Int:  9    God:
Gold:   42         SH:  0    Dex: 13    Spells: 5/8 levels left

rFire    + . .     SeeInvis .   c - +0 spear
rCold    + . .     Gourm    .   (no shield)
rNeg     . . .     Faith    .   g - +0 robe {rC+ rF+}
rPois    .         Spirit   .   (no helmet)
rElec    .         Reflect  .   (no cloak)
rCorr    .         Harm     .   (no gloves)
MR       .....                  (no boots)
Stlth    ++........             (no amulet)
HPRegen  0.07/turn              (no ring)
MPRegen  0.10/turn              (no ring)

@: no status effects
A: no striking features
a: no special abilities


You were on level 1 of the Dungeon.
You were not hungry.

You visited 1 branch of the dungeon, and saw 1 of its levels.

You collected 42 gold pieces.

Inventory:

Hand Weapons
 c - a +0 spear (weapon)
 e - a +0 dagger
Armour
 a - a +0 leather armour
 d - a +0 robe
 g - a +0 robe of resistance (worn)
Scrolls
 b - 2 scrolls of teleportation
 l - a scroll of identify {unknown}
Potions
 i - 2 potions of agility {unknown}
 j - 2 potions of haste {unknown}
 k - a potion of cancellation {unknown}
Comestibles
 f - a ration


   Skills:
 + Level 1.0 Fighting
 + Level 0.2 Polearms
 + Level 1.0 Dodging
 + Level 2.0 Stealth
   Level 1.0 Shields
 + Level 3.5 Spellcasting
 * Level 0.5 Conjurations
   Level 1.0 Hexes
 * Level 1.1 Summonings


You had 5 spell levels left.
You knew the following spells:

 Your Spells              Type           Power        Failure   Level  Hunger
a - Magic Dart            Conj           #...         24%         1    #......
b - Call Imp              Summ           #.......     26%         2    ###....


Dungeon Overview and Level Annotations

Branches:
Dungeon (1/15)

Altars:


Message History

r - Retreat! s - Stop attacking. g - Guard the area. f - Follow me.
Anything else - Cancel.
Gang up on whom?
Press: ? - help, Dir - move target cursor, f/p - dart slug
Aim: a dart slug (moderately wounded) Attack!
Your crimson imp hits the dart slug.
The dart slug closely misses your crimson imp.
Your crimson imp hits the dart slug.
The dart slug bites your crimson imp.
Your crimson imp blinks!
You start resting.
There is an open door here.
The dart slug launches a dart at you. The slug dart hits you!
* * * LOW HITPOINT WARNING * * *
The dart slug launches a dart at you. The slug dart hits you!
You die...

.♣##♣♣.#.♣♣♣#
#....# ..♣
#..≈# #.#.##
#.####.#♣#
###.#w#
#...#...#
#...#.#
###...#...#
#.###'####
#########
#.##.)...#
#........#
###......#
#@.....#
#.#'####
#.#†#####
#.......#
###.#......#
#.#..5...#
#.#......#
#.#......#
#>.......#


You could see a dart slug.

Vanquished Creatures
  A leopard gecko (D:1)
  2 bats (D:1)
  2 jackals (D:1)
  2 kobolds (D:1)
  A ball python (D:1)
  2 frilled lizards (D:1)
  A rat (D:1)
11 creatures vanquished.

Vanquished Creatures (collateral kills)
  3 goblins (D:1)
  A hobgoblin (D:1)
  A kobold (D:1)
  A rat (D:1)
6 creatures vanquished.

Grand Total: 17 creatures vanquished

Notes
Turn   | Place    | Note
-------+----------+-------------------------------------------
     0 | D:1      | DrEnzyme the Human Wanderer began the quest for the Orb.
     0 | D:1      | DrEnzyme set off with: a scroll of teleportation, a +0 spear, a +0 robe, a +0 dagger, a ration
     0 | D:1      | Reached XP level 1. HP: 15/15 MP: 4/4
     5 | D:1      | Learned a level 1 spell: Magic Dart
   276 | D:1      | Reached XP level 2. HP: 18/21 MP: 3/6
   308 | D:1      | Learned a level 2 spell: Call Imp
   897 | D:1      | Killed from afar by a dart slug

Vault maps used:
D:1:      saegor_arrival_under_anarchy

Action                   || total
-------------------------++-------
Melee: Spear             ||    23
 Cast: Magic Dart        ||    17
       Call Imp          ||    10
  Eat: Chunk             ||     1
Armor: Robe              ||     5
Dodge: Dodged            ||    32

Table legend:
 A = Spawn XP
 B = Non-spawn XP
 C = Spawn XP percentage of total XP
 D = Spawn monster count
 E = Non-spawn monster count
 F = Spawn count percentage of total count
 G = Total turns spent on level
                    A         B        C        D         E        F      G
               +---------+---------+-------+---------+---------+-------+---------
         Total |       0 |      25 |   0.0 |       0 |      17 |   0.0 |   897
               +---------+---------+-------+---------+---------+-------+---------
           D:1 |       0 |      25 |   0.0 |       0 |      17 |   0.0 |   897
               +---------+---------+-------+---------+---------+-------+---------
